 Dungeon Crawl Stone Soup version 0.24-a0-520-g8fd06ad0bc (webtiles) character file.

Game seed: 5558856699504933612

1549 Mithandil the Magician (level 8, -2/41 HPs)
             Began as a Deep Elf Conjurer on July 23, 2019.
             Was a Follower of Vehumet.
             Slain by a centaur (6 damage)
             ... on level 6 of the Dungeon on July 24, 2019.
             The game lasted 01:08:51 (8148 turns).

Mithandil the Magician (Deep Elf Conjurer)          Turns: 8148, Time: 01:08:51

Health: -2/41      AC: 12    Str:  7    XL:     8   Next: 57%
Magic:  15/19      EV: 12    Int: 21    God:    Vehumet [*.....]
Gold:   83         SH:  0    Dex: 15    Spells: 0/19 levels left

rFire    . . .     SeeInvis .   a - +2 short sword
rCold    . . .     Gourm    .   (no shield)
rNeg     . . .     Faith    .   E - +2 ring mail {rPois}
rPois    +         Spirit   .   w - +2 helmet
rElec    .         Reflect  .   G - +1 cloak
rCorr    .         Harm     .   (no gloves)
MR       .....                  (no boots)
Stlth    ++........             (no amulet)
HPRegen  0.13/turn              u - ring of flight
MPRegen  0.16/turn              (no ring)

@: no status effects
A: no striking features
a: Renounce Religion, Evoke Flight


You were on level 6 of the Dungeon.
You worshipped Vehumet.
Vehumet was aware of your devotion.
You were not hungry.

You visited 2 branches of the dungeon, and saw 8 of its levels.

You collected 239 gold pieces.
You spent 156 gold pieces at shops.

Inventory:

Hand Weapons
 a - a +2 short sword (weapon)
 b - a +0 shortbow
 e - a +0 quarterstaff
 g - a +1 whip of electrocution
 x - a +1 hand axe of distortion
 F - a +2 hand axe of venom
Missiles
 h - 103 arrows
 q - 80 poisoned darts (quivered)
 B - 10 boomerangs
Armour
 w - a +2 helmet (worn)
 y - a +1 leather armour
 E - a +2 ring mail of poison resistance (worn)
 G - a +1 cloak (worn)
Jewellery
 n - a +3 ring of evasion {unknown}
 u - a ring of flight (left hand)
 D - an uncursed ring of ice
Wands
 l - a wand of paralysis (2)
 o - a wand of polymorph (8)
 z - a wand of flame (29)
Scrolls
 m - a scroll of magic mapping
 A - a scroll of remove curse
Potions
 d - a potion of berserk rage
 f - a potion of degeneration {unknown}
 i - a potion of cancellation
 j - 3 potions of lignification {unknown}
 p - a potion of agility
 r - 3 potions of ambrosia
 t - a potion of haste {unknown}
 C - 3 potions of heal wounds {unknown}
Comestibles
 c - 12 rations
 k - 4 chunks of flesh


   Skills:
 * Level 4.4 Short Blades
 + Level 5.0 Dodging
 + Level 5.3 Stealth
 + Level 6.4 Spellcasting
 + Level 6.3 Conjurations
 + Level 2.4 Hexes
 + Level 1.2 Charms
 + Level 1.1 Necromancy
 + Level 3.5 Translocations
 * Level 3.1 Ice Magic
 * Level 0.0 Air Magic


You couldn't memorise any spells.
You knew the following spells:

 Your Spells              Type           Power        Failure   Level  Hunger
a - Shock                 Conj/Air       ###.         9%          1    None
b - Searing Ray           Conj           ####..       3%          2    None
c - Force Lance           Conj/Tloc      ####....     41%         4    ###....
d - Freeze                Ice            ###.         9%          1    None
e - Iskenderun's Mystic   Conj           ####....     24%         4    ###....
r - Regeneration          Chrm/Necr      ##........   52%         3    #......
s - Dazzling Spray        Conj/Hex       ####..       16%         3    #......
z - Magic Dart            Conj           ####         2%          1    None

Your spell library contained the following spells:

 Spells                   Type           Power        Failure   Level  Hunger
 Animate Skeleton         Necr           N/A          22%         1    None
 Pain                     Necr           ##..         22%         1    None
 Fulminant Prism          Conj/Hex       ####......   47%         4    ###....
 Vampiric Draining        Necr           ##........   54%         3    #......
 Animate Dead             Necr           N/A          91%         4    ###....


Dungeon Overview and Level Annotations

Branches:
Dungeon (7/15)             Temple (1/1) D:6

Altars:
Ashenzari
Dithmenos
Elyvilon
Fedhas
Gozag
Hepliaklqana
Kikubaaqudgha
Makhleb
Okawaru
Qazlal
Trog
Uskayaw
Vehumet
Wu Jian
Xom
Yredelemnul
The Shining One

Shops:
D:5 }

Annotations:
D:3 Grinder


Message History

The centaur unwields a +0 shortbow.
The centaur hits you but does no damage.
Casting: Shock (safe; 9% risk of failure)
Confirm with . or Enter, or press ? or * to list all spells.
Aiming: Shock (safe; 9% risk of failure)
Press: ? - help, Shift-Dir - straight line, f/p - centaur
Aim: a centaur (moderately wounded)
The zap hits the centaur!
The centaur is heavily wounded.
The centaur hits you but does no damage.
The centaur barely misses you.
Casting: Shock (safe; 9% risk of failure)
Confirm with . or Enter, or press ? or * to list all spells.
Aiming: Freeze (safe; 9% risk of failure)
Press: ? - help, Shift-Dir - straight line, f/p - centaur
Aim: a centaur (heavily wounded)
You freeze the centaur.
The centaur is severely wounded.
The centaur hits you.
You die...

########### #.#.# ###.....
##........#.......#.#.####.......
##........#.......#.....##..≈≈≈..
##........#.^.....#.÷...##.≈≈≈≈..
..........#.......#.........≈≈≈..
.#........#.......#.....##.≈≈≈≈≈≈
.##'##.####.......#.....##...≈≈..
.##.##.####....c..#.....#..⌠.)...
.##........## #.@.#........).##..
.##..#...#..###(..#......##.#####
###...#.#....##((.#.#..#.##......
###....>.....##(..#.#..#.........
..#...#.#..#.#(..(..#..##......##
..#..#...#.# #....###..#######.##
..#........#.#.............)...##
..#.....#.......<.....#######..##
#####..<#.##.#######.########..##


You could see a centaur.

Vanquished Creatures
  An orc warrior (D:6)
  A sky beast (D:5)
  An ice beast (D:6)
  An ogre (D:6)
  A centaur (D:4)
  2 bullfrogs (D:6)
  3 scorpions
  A howler monkey (D:5)
  A bullfrog zombie (D:5)
  3 hounds
  A jelly (D:6)
  An orc priest (D:4)
  A centaur skeleton (D:5)
  An iguana (D:6)
  2 orc wizards
  8 worker ants
  A hound zombie (D:6)
  A hound skeleton (D:5)
  7 gnolls
  10 adders
  A shadow imp (D:6)
  An adder skeleton (D:4)
  2 worms
  4 dart slugs
  7 leopard geckos
  11 orcs
  2 giant cockroaches
  7 goblins
  7 hobgoblins
  11 jackals
  7 kobolds
  4 quokkas
  A ball python (D:3)
  8 bats
  8 frilled lizards
  A quokka zombie (D:6)
  5 rats
135 creatures vanquished.

Vanquished Creatures (others)
  2 fungi (D:2)
2 creatures vanquished.

Grand Total: 137 creatures vanquished

Notes
Turn   | Place    | Note
-------+----------+-------------------------------------------
     0 | D:1      | Mithandil the Deep Elf Conjurer began the quest for the
                  | Orb.
     0 | D:1      | Reached XP level 1. HP: 10/10 MP: 6/6
    98 | D:2      | Found a blossoming altar of Fedhas.
   175 | D:1      | Reached XP level 2. HP: 15/15 MP: 0/8
   603 | D:3      | Found a faded altar of an unknown god.
   619 | D:3      | Reached XP level 3. HP: 19/19 MP: 2/10
   733 | D:1      | Learned a level 2 spell: Searing Ray
  1316 | D:2      | Reached skill level 5 in Conjurations
  1358 | D:2      | Reached XP level 4. HP: 24/24 MP: 6/12
  1364 | D:2      | Learned a level 4 spell: Force Lance
  1369 | D:2      | Learned a level 4 spell: Iskenderun's Mystic Blast
  2332 | D:3      | Reached XP level 5. HP: 26/28 MP: 4/14
  2499 | D:3      | Found a radiant altar of Vehumet.
  2509 | D:3      | Became a worshipper of Vehumet
  2551 | D:3      | Reached skill level 1 in Short Blades
  2811 | D:4      | Reached skill level 1 in Translocations
  3027 | D:3      | Noticed Grinder
  3505 | D:4      | Reached skill level 5 in Spellcasting
  3811 | D:5      | Entered Level 5 of the Dungeon
  3819 | D:5      | Reached XP level 6. HP: 21/32 MP: 10/15
  4005 | D:5      | Found Keatipp's Gadget Shoppe.
  4022 | D:5      | Bought a wand of polymorph (7) for 108 gold pieces
  4022 | D:5      | Bought a wand of polymorph (2) for 48 gold pieces
  4877 | D:4      | Reached XP level 7. HP: 26/36 MP: 10/17
  4883 | D:4      | Learned a level 3 spell: Dazzling Spray
  5047 | D:4      | Upgraded the game from 0.24-a0-518-g9d8d8d5b78 to
                  | 0.24-a0-520-g8fd06ad0bc
  5182 | D:4      | Reached * piety under Vehumet
  5182 | D:4      | Offered knowledge of Freeze by Vehumet.
  5293 | D:4      | Learned a level 1 spell: Freeze
  5566 | D:5      | Reached skill level 1 in Ice Magic
  5672 | D:6      | Reached skill level 1 in Hexes
  6212 | D:5      | Found a blossoming altar of Fedhas.
  6277 | D:5      | Found a white marble altar of Elyvilon.
  6482 | D:6      | Found a staircase to the Ecumenical Temple.
  6525 | Temple   | Entered the Ecumenical Temple
  6657 | D:6      | Found a basalt altar of Yredelemnul.
  6964 | D:6      | Reached skill level 5 in Stealth
  6964 | D:6      | Reached XP level 8. HP: 31/41 MP: 11/19
  7018 | D:6      | Found an ancient bone altar of Kikubaaqudgha.
  7394 | D:6      | Learned a level 3 spell: Regeneration
  7600 | D:6      | Reached skill level 5 in Dodging
  7967 | D:6      | Reached skill level 1 in Charms
  7987 | D:6      | Reached skill level 1 in Necromancy
  8109 | D:6      | Offered knowledge of Shock by Vehumet.
  8120 | D:6      | Learned a level 1 spell: Shock
  8148 | D:6      | Slain by a centaur

Levels and vault maps discovered:
D:1:      minmay_arrival_four_houses, layout_loops_ring, minivault_4
D:2:      layout_loops_ring, fedhas_altar_3
D:3:      minmay_diamond_boxcup, layout_basic, vehumet_crystals,
          chequers_ecumenical_altar_simple_redux, uniq_grinder
D:4:      layout_basic
D:5:      kennysheep_spiral_hall, layout_basic, old_standard_altar,
          lemuel_doored_altar, first_ration, serial_shops, nicolae_shop_stone
D:6:      layout_basic, kiku_gazebo_pond_becter, yredelemnul_altar_generic,
          minmay_temple_entry_crystal_x
D:7:      layout_basic, grunt_ogre_cave
Temple:   nicolae_temple_hex_pool

Skill      XL: |  1  2  3  4  5  6  7  8 |
---------------+-------------------------+-----
Dodging        | 3 4 5 |  5.0
Stealth        | 3 4 5 |  5.3
Spellcasting   | 4 5 6 |  6.4
Conjurations   | 5 6 |  6.3
Short Blades   | 1 2 3 4 |  4.4
Translocations | 1 2 3 |  3.5
Ice Magic      | 2 3 |  3.1
Hexes          | 1 2 |  2.4
Charms         | 1 |  1.2
Necromancy     | 1 |  1.1

Action                   |  1- 3 |  4- 6 |  7- 9 || total
-------------------------+-------+-------+-------++-------
Melee: Dagger            |     3 |       |     1 ||     4
Throw: Dart              |       |     1 |       ||     1
 Cast: Magic Dart        |    66 |   210 |    94 ||   370
       Searing Ray       |       |     3 |    24 ||    27
       Freeze            |       |       |     2 ||     2
       Shock             |       |       |     4 ||     4
       Iskenderun's Myst |       |       |     1 ||     1
Evoke: Wand              |       |     1 |       ||     1
  Use: Scroll            |       |    10 |    16 ||    26
       Potion            |       |     2 |       ||     2
 Stab: Sleeping          |       |       |     1 ||     1
  Eat: Chunk             |     1 |    10 |     4 ||    15
       Ration            |       |       |     2 ||     2
Armor: Robe              |       |     5 |       ||     5
       Leather armour    |       |    12 |    14 ||    26
       Ring mail         |       |       |    14 ||    14
Dodge: Dodged            |     8 |    46 |    46 ||   100

Table legend:
 A = Non-vault XP
 B = Vault XP
 C = Vault XP percentage of total XP
 D = Non-vault monster count
 E = Vault monster count
 F = Vault count percentage of total count
                 A         B        C        D         E       F
            +---------+---------+-------+---------+---------+-------
      Total |    2110 |     103 |   4.7 |     123 |      12 |   8.9
            +---------+---------+-------+---------+---------+-------
        D:1 |      43 |       0 |   0.0 |      18 |       0 |   0.0
        D:2 |     141 |       0 |   0.0 |      29 |       0 |   0.0
        D:3 |      54 |      32 |  37.2 |      18 |      10 |  35.7
        D:4 |     574 |       0 |   0.0 |      25 |       0 |   0.0
        D:5 |     424 |      71 |  14.3 |      12 |       2 |  14.3
        D:6 |     874 |       0 |   0.0 |      21 |       0 |   0.0
            +---------+---------+-------+---------+---------+-------
